 Dungeon Crawl Stone Soup version 0.21.1-1-g345015f (webtiles) character file.

11 Monsterracer the Sneak (level 2, -1/19 HPs)
             Began as an Octopode Wanderer on June 22, 2018.
             Slain by a jackal (3 damage)
             ... on level 1 of the Dungeon.
             The game lasted 00:00:41 (232 turns).

Monsterracer the Sneak (Octopode Wanderer)           Turns: 232, Time: 00:00:42

Health: -1/19      AC:  1    Str: 12    XL:     2   Next: 25%
Magic:  3/3        EV: 13    Int: 15    God:
Gold:   14         SH:  0    Dex:  9    Spells: 3/3 levels left

rFire    . . .     SeeInvis .   b - +2 dagger
rCold    . . .     Gourm    .   (no shield)
rNeg     . . .     Faith    .   (helmet restricted)
rPois    .         Spirit   .   (no amulet)
rElec    .         Reflect  .   (no ring)
rCorr    .         Harm     .   (no ring)
MR       .....                  (no ring)
Stlth    +++.......             (no ring)
HPRegen  0.06/turn              (no ring)
MPRegen  0.08/turn              (no ring)
                                (no ring)
                                (no ring)

@: no status effects
A: almost no armour, stealthy swim, amphibious, 8 rings, constrict 8, camouflage
1, gelatinous body 1
a: no special abilities


You were on level 1 of the Dungeon.
You were not hungry.

You visited 1 branch of the dungeon, and saw 1 of its levels.

You collected 14 gold pieces.

Inventory:

Hand Weapons
 b - a +2 dagger (weapon)
Scrolls
 d - a scroll of identify {unknown}
Potions
 a - a potion of brilliance {unknown}
 k - a potion of heal wounds
Comestibles
 c - 3 rations


   Skills:
 - Level 2.0 Fighting
 - Level 2.0 Dodging
 - Level 2.6 Stealth
   Level 1.0 Shields
 * Level 1.8 Unarmed Combat
 - Level 1.0 Spellcasting
   Level 2.0 Summonings


You had 3 spell levels left.
You didn't know any spells.

Dungeon Overview and Level Annotations

Branches:
Dungeon (1/15)

Altars:


Innate Abilities, Weirdness & Mutations

You cannot wear most types of armour.
You are very stealthy in the water. (Stealth+)
You are amphibious.
You can wear up to eight rings at the same time.
You can use your tentacles to constrict eight enemies at once.
Your skin changes colour to match your surroundings (Stealth+).
Your rubbery body absorbs attacks. (AC +1, EV +1)


Message History

You hit the goblin.
You kill the goblin!
A rat is nearby!
The rat bites you.
You take 2 damage, and have 10/14 hp.
You are too injured to fight recklessly!
A rat is nearby!
You are too injured to fight recklessly!
You are too injured to fight recklessly!
A rat is nearby!
You are too injured to fight recklessly!
You closely miss the rat. You grab the rat.
You kill the rat!
Key pressed, stopping explore.
Things that are here:
a dagger; a goblin corpse; Health restored: 14 No target in view!
A jackal comes into view.
The jackal barks! 3 jackals come into view.
There are monsters nearby!
A goblin comes into view.
There are monsters nearby!
The jackal barks! x2
The jackal closely misses you.
The jackal barks!
There are monsters nearby!
You hit the jackal but do no damage. You grab the jackal.
You constrict the jackal. The jackal bites you. x2
You take 2 damage, and have 12/14 hp.
You hit the jackal.
The jackal is severely wounded.
You constrict the jackal.
You kill the jackal!
You have reached level 2!
The jackal closely misses you.
You regained 5 hp, and now have 17/19 hp.
MP restored: 3 You hit the jackal but do no damage.
Your grab misses the jackal.
The jackal bites you. x2; The jackal closely misses you.
You take 6 damage, and have 11/19 hp.
MASSIVE DAMAGE!!
You are too injured to fight recklessly!
You are too injured to fight recklessly!
You are too injured to fight recklessly!
You are too injured to fight recklessly!
The jackal barely misses you. The jackal closely misses you. x2
The jackal bites you. The goblin misses you.
You take 1 damage, and have 10/19 hp.
The goblin closely misses you.
You completely miss the jackal. You grab the jackal.
You constrict the jackal, but do no damage.
The jackal bites you.
* * * LOW HITPOINT WARNING * * *
A rat comes into view.
You take 1 damage, and have 9/19 hp.
You hit the jackal.
You squeeze the jackal, but do no damage.
The jackal is moderately wounded.
You constrict the jackal. The jackal closely misses you. x2
You hit the jackal.
You kill the jackal!
The jackal closely misses you.
You barely miss the jackal. Your grab misses the jackal.
You squeeze the jackal, but do no damage.
The jackal closely misses you.
You hit the jackal. Your grab misses the jackal.
The jackal is severely wounded.
The jackal barely misses you. The jackal bites you.
* * * LOW HITPOINT WARNING * * *
You take 1 damage, and have 8/19 hp.
You barely miss the jackal. Your grab misses the jackal.
The jackal is severely wounded.
The jackal misses you.
You hit the jackal but do no damage. You grab the jackal.
The jackal is severely wounded.
You constrict the jackal, but do no damage.
The jackal bites you.
* * * LOW HITPOINT WARNING * * *
You take 1 damage, and have 7/19 hp.
You hit the jackal.
You kill the jackal!
You hit the rat. You grab the rat.
The rat is severely wounded.
You constrict the rat.
You kill the rat!
The jackal pauses to sniff the ground.
Unknown command.
You closely miss the jackal. Your grab misses the jackal. The jackal bites you.
* * * LOW HITPOINT WARNING * * *
The jackal bites you.
* * * LOW HITPOINT WARNING * * *
You hit the jackal. Your grab misses the jackal.
The jackal is lightly wounded.
The jackal bites you.
* * * LOW HITPOINT WARNING * * *
You take 5 damage, and have 2/19 hp.
MASSIVE DAMAGE!!
You hit the jackal. Your grab misses the jackal.
The jackal is heavily wounded.
The jackal barely misses you. The jackal bites you.
You die...

### ..# #.#.#....# ....
#.#.#....# ## .....
#.#.#.... .# .....
#.#.#... # ###.#
......#.#.#..##.###. .#
......#@#.#.....#...#.#
......#h#.#...# #.##..#.
.......g#...#####)#.....
........#...#........###
..............#.####.#
................##...#
..........########.###
........#####......# #.
.....#.#####...#####
.ยง.


You could see a jackal and a goblin.

Vanquished Creatures
  A goblin (D:1)
  A hobgoblin (D:1)
  3 jackals (D:1)
  A bat (D:1)
  A kobold (D:1)
  4 rats (D:1)
11 creatures vanquished.

Notes
Turn   | Place    | Note
-------+----------+-------------------------------------------
     0 | D:1      | Monsterracer the Octopode Wanderer began the quest for the Orb.
     0 | D:1      | Monsterracer set off with: a +2 dagger, a potion of heal wounds, a ration, the Reference Book on Creation
     0 | D:1      | Reached XP level 1. HP: 14/14 MP: 2/2
    92 | D:1      | Reached skill level 1 in Unarmed Combat
   215 | D:1      | Reached XP level 2. HP: 17/19 MP: 3/3
   221 | D:1      | HP: 9/19 [jackal (1)]
   227 | D:1      | HP: 7/19 [jackal (1)]
   230 | D:1      | HP: 3/19 [jackal (3)]
   232 | D:1      | Slain by a jackal

Skill      XL: |  1 |
---------------+----+-----
Unarmed Combat | 1 |  1.8
Fighting       | |  2.0
Dodging        | |  2.0
Stealth        | |  2.6
Shields        | |  1.0
Spellcasting   | |  1.0
Summonings     | |  2.0

Action                   || total
-------------------------++-------
Melee: Dagger            ||    28
       Constrict         ||     8
       Tentacles         ||     6
 Stab: Sleeping          ||     1
Armor: Skin              ||     1
Dodge: Dodged            ||    22

Vault maps used:
D:1:      dpeg_arrival_rooms_with_view, serial_co_window_serial,
          co_window_corner_a, co_window_of_opportunity_a, co_window_paths_b,
          co_window_corner_a, co_window_corner_a, co_window_paths_c,
          co_window_paths_c, co_window_unsneaky_path_b, co_window_corner_b,
          co_window_of_opportunity_c, co_window_sun, serial_bayou_pond_e
